 Dungeon Crawl Stone Soup version 0.31-a0-1237-gabc64e778c (webtiles) character file.

Game seed: 17399129628820000628

119 gelatine the Trooper (level 4, -1/38 HPs)
             Began as a Demonspawn Fighter on Dec 16, 2023.
             Killed by divine providence
             ... invoked by an orc priest
              (11 damage)
             ... on level 4 of the Dungeon.
             The game lasted 00:06:50 (2336 turns).

gelatine the Trooper (Demonspawn Fighter)           Turns: 2336, Time: 00:06:51

Health: -1/38      AC:  8    Str: 19    XL:     4   Next: 73%
Magic:  4/4        EV: 24    Int:  8    God:
Gold:   17         SH:  4    Dex: 12    Spells: 3/3 levels left

rFire   + . .        k - +4 whip
rCold   . . .        c - +0 buckler
rNeg    . . .        b - +0 scale mail
rPois   .            (no helmet)
rElec   .            (no cloak)
rCorr   .            (no gloves)
SInv    .            (no boots)
Will    .....        o - amulet of the acrobat Stlth
                     m - ring of flight
HPRegen 0.26/turn    g - ring of protection from fire
MPRegen 0.09/turn

%: acrobat
@: acrobatic, flying, slowed, very slow
A: rugged brown scales 2
a: no special abilities


You were on level 4 of the Dungeon.
You visited 1 branch of the dungeon, and saw 4 of its levels.

You collected 121 gold pieces.
You spent 104 gold pieces at shops.

Inventory:

Hand Weapons
 a - a +0 war axe
 k - a +4 whip (weapon)
 n - the +6 mace "Pifesaitz" {freeze, *Slow rF+++ rCorr Stlth+}
   (You found it on level 2 of the Dungeon)

   rF+++:     It renders you almost immune to fire.
   rCorr:     It protects you from acid and corrosion.
   *Slow:     It may slow you when you take damage.
   Stlth+:    It makes you more stealthy.
Armour
 b - a +0 scale mail (worn)
 c - a +0 buckler (worn)
Jewellery
 g - a ring of protection from fire (right hand)
 m - a ring of flight (left hand)
 o - an amulet of the acrobat (around neck)
Scrolls
 f - a scroll of poison {unknown}
 j - a scroll of immolation {unknown}
 l - a scroll of blinking {unknown}
 q - a scroll of enchant weapon
Potions
 d - 3 potions of might
 e - 2 potions of curing
 h - a potion of invisibility
 i - 2 potions of heal wounds
 p - a potion of lignification {unknown}


   Skills:
 * Level 3.7 Fighting
 + Level 2.4(2.5) Axes
 + Level 0.5(1.6) Maces & Flails
 * Level 3.5 Armour
 * Level 0.8 Dodging
 + Level 0.1 Stealth
 * Level 3.1 Shields


You had 3 spell levels left.
You didn't know any spells.
Your spell library contained the following spells:

 Spells                   Type           Power      Damage    Failure   Level
 Cigotuvi's Dreadful Rot  Necr/Pois/Air  0%         N/A       94%         2
 Ignite Poison            Fire/Tmut/Pois 0%         N/A       99%         3
 Freezing Cloud           Conj/Ice/Air   0%         6-21      100%        5


Dungeon Overview and Level Annotations

Branches:
Dungeon (4/15)
 Temple: D:4-7

Altars:
Trog
Wu Jian
Xom

Shops:
D:1 ?   D:3 ?


Innate Abilities, Weirdness & Mutations

You are mostly covered in rugged brown scales. (AC +2, +5% HP)


Message History

The adder is severely wounded.
You feel sick. The adder bites you.
You are more poisoned.
The adder poisons you!
The orc priest hits you but does no damage.
The ball python barely misses you. The ball python constricts you.
The adder bites you but does no damage.
The orc priest hits you but does no damage.
The ball python bites you. The ball python constricts you.
You barely miss the adder.
The adder is severely wounded.
You feel sick. The adder barely misses you.
The ball python bites you but does no damage.
The ball python constricts you.
The orc priest hits you but does no damage.
The adder bites you but does no damage.
The ball python bites you but does no damage.
The ball python constricts you.
You barely miss the adder.
The adder is severely wounded.
You feel sick. The adder bites you but does no damage.
You block the orc priest's attack. The ball python closely misses you.
The ball python constricts you. The adder barely misses you.
The orc priest hits you but does no damage.
Unknown command.
You hit the adder.
The adder is almost dead.
You feel sick.
The ball python bites you but does no damage.
The ball python constricts you. The adder bites you.
* * * LOW HITPOINT WARNING * * *
The orc priest closely misses you. You block the ball python's attack.
The ball python constricts you. The adder barely misses you.
You escape the ball python's grasp.
You feel sick.
You are no longer poisoned.
The adder misses you. x2; The orc priest completely misses you.
The adder closely misses you.
The orc priest calls down the wrath of Beogh upon you.
Beogh smites you!
You die...

#....'...+..
#.#..#...#
###.#......# #
#......#.### .#
#...####.#######.#
#.#....#.....#...
####.#.###.....#
...#.K.#.....#
#.z####o#S@...#
#... #zoSo.....#
#......#########
....... #...#..
..... :... #...


You could see a wight, an orc priest, an adder, an orc and a ball python.

Vanquished Creatures
  Terence (D:2)
  2 adders (D:3)
  2 dart slugs
  4 ball pythons
  5 bats
  12 endoplasms
  A giant cockroach (D:2)
  6 goblins
  5 hobgoblins
  8 jackals
  5 kobolds
  3 quokkas
  4 frilled lizards
  4 rats
62 creatures vanquished.

Vanquished Creatures (others)
  A bat (D:3)
1 creature vanquished.

Grand Total: 63 creatures vanquished

Notes
Turn   | Place    | Note
-------+----------+-------------------------------------------
     0 | D:1      | gelatine the Demonspawn Fighter began the quest for the
                  | Orb.
     0 | D:1      | Reached XP level 1. HP: 18/18 MP: 1/1
   107 | D:1      | Gained mutation: You are partially covered in rugged brown
                  | scales. (AC +1, +3% HP) [demonic ancestry]
   107 | D:1      | Reached XP level 2. HP: 17/24 MP: 2/2
   261 | D:1      | Found Lakiux's Magic Scroll Boutique.
   604 | D:1      | Reached XP level 3. HP: 20/29 MP: 3/3
   762 | D:2      | Noticed Terence
   774 | D:2      | Killed Terence
   891 | D:2      | Gained mutation: You are mostly covered in rugged brown
                  | scales. (AC +2, +5% HP) [demonic ancestry]
   891 | D:2      | Reached XP level 4. HP: 29/37 MP: 4/4
   939 | D:2      | Identified the +6 mace "Pifesaitz" {freeze, *Slow rF+++
                  | rCorr Stlth+}
  1543 | D:3      | Found a shimmering altar of Xom.
  1549 | D:3      | Found an ornate altar of the Wu Jian Council.
  1554 | D:3      | Found a bloodstained altar of Trog.
  2213 | D:3      | Found Lezu's Magic Scroll Emporium.
  2216 | D:3      | Bought a scroll of identify for 22 gold pieces
  2216 | D:3      | Bought a scroll of enchant weapon for 82 gold pieces
  2321 | D:4      | Noticed a kobold brigand
  2336 | D:4      | Killed from afar by an orc priest

Illustrated notes

Levels and vault maps discovered:
D:1:      minmay_arrival_checkered_box, layout_basic, serial_shops,
          nicolae_shop_crystal
D:2:      layout_loops_ring, minmay_misc_feat_diagonals, feat_on_display,
          uniq_terence
D:3:      layout_loops_ring, minmay_overflow_temple_star_quad, zin_scriptorium,
          serial_shops, nicolae_shop_rolled_up
D:4:      layout_basic, minmay_temple_entry_nine_rooms, minmay_misc_feat_x,
          minmay_manual_moon

Skill      XL: |  1  2  3 |
---------------+----------+-----
Axes           | 2 |  2.4
Armour         | 3 |  3.5
Shields        | 3 |  3.1
Fighting       | |  3.7
Maces & Flails | |  0.5
Dodging        | |  0.8
Stealth        | |  0.1

Action                     |  1- 3 |  4- 6 || total
---------------------------+-------+-------++-------
  Melee: War axe           |    59 |       ||    59
         Whip              |    36 |    68 ||   104
    Use: Scroll            |       |     3 ||     3
 Armour: Scale mail        |    55 |    46 ||   101
  Dodge: Dodged            |    42 |    43 ||    85
  Block: Buckler           |    25 |    16 ||    41

Table legend: (Time is in decaauts)
 A = Elapsed time spent in this place.
 B = Non-inter-level travel time spent in this place.
 C = Inter-level travel time spent in this place.
 D = Time resting spent in this place.
 E = Time spent auto-exploring this place.
 F = Levels seen in this place.
 G = Mean time per level.
                   A        B        C        D        E       F      G
               +--------+--------+--------+--------+--------+-----+--------+
         Total |   2370 |   2332 |     38 |      0 |   1806 |   4 |  592.5 |
       Dungeon |   2370 |   2332 |     38 |      0 |   1806 |   4 |  592.5 |
               +--------+--------+--------+--------+--------+-----+--------+

Top non-repeatable levels by time:
     D:2: 831 daAuts
     D:3: 790 daAuts
     D:1: 681 daAuts
     D:4: 66 daAuts
